 Dungeon Sprint DCSS version 0.24-a0-530-g18ba70b5 (webtiles) character file.

Game seed: 11829829718325044321

1001 silentkaos13 the Carver (level 8, -4/73 HPs)
             Began as a Demonspawn Berserker on Aug 9, 2019.
             Was a Priest of Trog.
             Killed by nerve-wracking pain
             ... invoked by a shadow imp
             ... summoned by a kobold demonologist
              (11 damage)
             ... in the Dungeon (Sprint I: "Red Sonja").
             The game lasted 00:02:01 (636 turns).

silentkaos13 the Carver (Demonspawn Berserker)       Turns: 636, Time: 00:02:02

Health: -4/73      AC:  5    Str: 20    XL:     8   Next: 0%
Magic:  8/8        EV: 15    Int:  8    God:    Trog [***...]
Gold:   110        SH:  0    Dex: 13    Spells: 7/7 levels left

rFire    + . .     SeeInvis .   a - +0 falchion
rCold    . . .     Gourm    +   (no shield)
rNeg     . . .     Faith    .   b - +0 animal skin
rPois    .         Spirit   .   (no helmet)
rElec    .         Reflect  .   (no cloak)
rCorr    .         Harm     .   (no gloves)
MR       .....     NoTele   +   (no boots)
Stlth    ++........             k - amulet of the gourmand
HPRegen  0.22/turn              (no ring)
MPRegen  0.11/turn              (no ring)

@: berserk cooldown, slowed, lightly drained, very slow
A: hooves 1, thin metallic scales 2, fire resistance 1, flame cloud immunity
a: Berserk, Trog's Hand, Renounce Religion


You were in the Dungeon.
You worshipped Trog.
Trog was most pleased with you.
You were not hungry.

You visited 1 branch You collected 410 gold pieces.
You spent 300 gold pieces at shops.

Inventory:

Hand Weapons
 a - a +0 falchion (weapon)
Armour
 b - a +0 animal skin (worn)
Jewellery
 k - an amulet of the gourmand (around neck)
Scrolls
 i - a scroll of blinking
 j - a scroll of random uselessness {unknown}
Potions
 d - a potion of curing
 e - a potion of heal wounds
 f - a potion of haste
 g - 2 potions of magic
 h - a potion of berserk rage


   Skills:
 + Level 10.3(10.0) Fighting
 + Level 11.2(10.8) Long Blades
 + Level 3.9(3.7) Armour
 + Level 6.1(5.8) Dodging
 + Level 2.9(2.6) Stealth


You had 7 spell levels left.
You didn't know any spells.
Your spell library was empty.

Dungeon Overview and Level Annotations

Branches:
Dungeon (1/1)

Altars:
Cheibriados
Dithmenos
Elyvilon
Fedhas
Gozag
Hepliaklqana
Kikubaaqudgha
Makhleb
Nemelex Xobeh
Okawaru
Qazlal
Ru
Sif Muna
Trog
Uskayaw
Vehumet
Wu Jian
Xom
Yredelemnul
Zin
The Shining One
Jiyva
Lugonu

Shops:
D =


Innate Abilities, Weirdness & Mutations

You have large cloven feet.
You are mostly covered in thin metallic scales. (AC +3)
Your flesh is heat resistant. (rF+)
You are immune to clouds of flame.


Message History

The kobold demonologist is heavily wounded.
The shadow imp closely misses you.
The kobold demonologist hits you but does no damage.
The soul eater hits you.
You feel drained.
The red devil hits you from afar with a +0 trident!
You hit the kobold demonologist but do no damage.
You kick the kobold demonologist.
The kobold demonologist is severely wounded.
The shadow imp closely misses you.
You riposte.
You barely miss the shadow imp. You kick the shadow imp.
The shadow imp is moderately wounded.
The kobold demonologist hits you but does no damage.
The soul eater hits you!!
* * * LOW HITPOINT WARNING * * *
The red devil hits you from afar with a +0 trident!
* * * LOW HITPOINT WARNING * * *
The kobold demonologist looks braver for a moment.
The shadow imp gestures at you. Pain shoots through your body!
You die...

####################
'..#.)'..#__#..'@K.#
#.)'..#..'..'..#53.#
##'#####'#__####..4+
#..#...#.#### #####
####..##.#
___##'#_.+
∩...÷..._#
.__##_.#'#
___###+#)#


You could see a soul eater, a kobold demonologist, a red devil and a shadow imp.

Vanquished Creatures
  A kobold demonologist (D)
  A slime creature (D)
  Sigmund (D)
  A yak (D)
  A floating eye (D)
  An ogre (D)
  A jelly (D)
  Ijyb (D)
8 creatures vanquished.

Vanquished Creatures (others)
  A gargoyle (D)
1 creature vanquished.

Grand Total: 9 creatures vanquished

Notes
Turn   | Place    | Note
-------+----------+-------------------------------------------
     0 | D        | silentkaos13 the Demonspawn Berserker began the quest for
                  | the Orb.
     0 | D        | Reached XP level 1. HP: 18/18 MP: 1/1
     1 | D        | Noticed Ijyb
    12 | D        | Killed Ijyb
    12 | D        | Reached skill level 4 in Long Blades
    12 | D        | Gained mutation: You are partially covered in thin metallic
                  | scales. (AC +2) [demonic ancestry]
    12 | D        | Reached XP level 2. HP: 12/26 MP: 2/2
   133 | D        | Killed a gargoyle
   179 | D        | Noticed an ogre
   187 | D        | Killed an ogre
   187 | D        | Reached skill level 6 in Long Blades
   187 | D        | Gained mutation: You have large cloven feet. [demonic
                  | ancestry]
   187 | D        | Reached XP level 3. HP: 34/34 MP: 3/3
   187 | D        | Gained mutation: Your flesh is heat resistant. (rF+)
                  | [demonic ancestry]
   187 | D        | Reached XP level 4. HP: 40/40 MP: 4/4
   223 | D        | Noticed Sigmund
   233 | D        | Killed Sigmund
   233 | D        | Reached ** piety under Trog
   233 | D        | Reached skill level 8 in Long Blades
   233 | D        | Reached skill level 1 in Stealth
   233 | D        | Reached XP level 5. HP: 49/49 MP: 5/5
   233 | D        | Gained mutation: You are mostly covered in thin metallic
                  | scales. (AC +3) [demonic ancestry]
   233 | D        | Reached XP level 6. HP: 56/56 MP: 6/6
   246 | D        | Found an ornate altar of the Wu Jian Council.
   246 | D        | Found a deep blue altar of Sif Muna.
   248 | D        | Found a radiant altar of Vehumet.
   278 | D        | Found Ragyaqujod's Jewellery Emporium.
   278 | D        | Found an ancient bone altar of Kikubaaqudgha.
   278 | D        | Found a hazy altar of Hepliaklqana.
   278 | D        | Found a stormy altar of Qazlal.
   278 | D        | Found a hide-covered altar of Uskayaw.
   278 | D        | Found a blossoming altar of Fedhas.
   278 | D        | Found a bloodstained altar of Trog.
   278 | D        | Found an iron altar of Okawaru.
   278 | D        | Found a basalt altar of Yredelemnul.
   278 | D        | Found a glowing golden altar of the Shining One.
   278 | D        | Found a snail-covered altar of Cheibriados.
   278 | D        | Found a sacrificial altar of Ru.
   278 | D        | Found a glowing silver altar of Zin.
   278 | D        | Found a shadowy altar of Dithmenos.
   278 | D        | Found a white marble altar of Elyvilon.
   278 | D        | Noticed a yak
   289 | D        | Killed a yak
   289 | D        | Reached skill level 9 in Long Blades
   290 | D        | Found an opulent altar of Gozag.
   291 | D        | Found a sparkling altar of Nemelex Xobeh.
   394 | D        | Bought an uncursed amulet of the gourmand for 300 gold
                  | pieces
   411 | D        | Found a burning altar of Makhleb.
   411 | D        | Found a viscous altar of Jiyva.
   411 | D        | Found a shimmering altar of Xom.
   411 | D        | Found a corrupted altar of Lugonu.
   411 | D        | Noticed a slime creature
   422 | D        | Killed a slime creature
   422 | D        | Reached *** piety under Trog
   422 | D        | Reached skill level 10 in Long Blades
   422 | D        | Reached skill level 5 in Dodging
   422 | D        | Reached XP level 7. HP: 40/64 MP: 7/7
   616 | D        | Noticed a kobold demonologist
   617 | D        | Noticed a kobold demonologist
   626 | D        | Killed a kobold demonologist
   626 | D        | Reached skill level 10 in Fighting
   626 | D        | Reached skill level 11 in Long Blades
   626 | D        | Gained mutation: You are immune to clouds of flame.
                  | [demonic ancestry]
   626 | D        | Reached XP level 8. HP: 73/73 MP: 8/8
   629 | D        | Noticed a red devil
   633 | D        | Noticed a soul eater
   636 | D        | Killed from afar by a shadow imp

Levels and vault maps discovered:
D:        dungeon_sprint_1 [red_sonja_temple_1, red_sonja_temple_small_1]

Skill      XL: |  1  2  3  4  5  6  7 |
---------------+----------------------+-----
Fighting       | 4 6 7 9 10 | 10.3
Long Blades    | 4 6 8 10 11 | 11.2
Armour         | 2 3 |  3.9
Dodging        | 2 3 4 5 6 |  6.1
Stealth        | 1 2 |  2.9

Action                   |  1- 3 |  4- 6 |  7- 9 || total
-------------------------+-------+-------+-------++-------
Melee: Falchion          |    15 |    30 |    17 ||    62
       Kick              |       |    18 |     6 ||    24
Invok: Berserk           |     1 |     1 |     1 ||     3
 Stab: Sleeping          |     1 |     1 |       ||     2
  Eat: Chunk             |       |     2 |       ||     2
       Ration            |       |       |     1 ||     1
Armor: Animal skin       |       |     1 |     5 ||     6
Dodge: Dodged            |    10 |    13 |     9 ||    32
       Rpst.: Falchion   |     4 |     5 |     3 ||    12

Table legend:
 A = Non-vault XP
 B = Vault XP
 C = Vault XP percentage of total XP
 D = Non-vault monster count
 E = Vault monster count
 F = Vault count percentage of total count
                 A         B        C        D         E       F
            +---------+---------+-------+---------+---------+-------
      Total |       0 |    1430 | 100.0 |       0 |       8 | 100.0
            +---------+---------+-------+---------+---------+-------
          D |       0 |    1430 | 100.0 |       0 |       8 | 100.0
            +---------+---------+-------+---------+---------+-------
